 Dungeon Crawl Stone Soup version 0.20.0-15-g7f486f2 (webtiles) character file.

193 nikopol the Conjurer (level 5, -7/24 HPs)
             Began as a Spriggan Conjurer on June 13, 2017.
             Killed by divine providence
             ... invoked by an orc priest
              (12 damage)
             ... on level 3 of the Dungeon.
             The game lasted 00:14:15 (3930 turns).

nikopol the Conjurer (Spriggan Conjurer)            Turns: 3930, Time: 00:14:16

Health: -7/24      AC:  2    Str:  4    XL:     5   Next: 43%
Magic:  2/12       EV: 19    Int: 17    God:
Gold:   81         SH:  0    Dex: 17    Spells: 5/12 levels left

rFire    . . .     SeeInvis +   n - +0 dagger
rCold    . . .     Gourm    .   (shield restricted)
rNeg     . . .     Faith    .   a - +0 robe
rPois    .         Spirit   .   (helmet restricted)
rElec    .         Reflect  .   (no cloak)
rCorr    .         Harm     .   (gloves unavailable)
MR       .....                  (boots unavailable)
Stlth    +++.......             (no amulet)
Regen    0.1/turn               (no ring)
MPRegen  0.2/turn               (no ring)

@: very quick
A: unfitting armour, see invisible, herbivore 3, speed 3, slow metabolism 2
a: no special abilities


You were on level 3 of the Dungeon.
You were hungry.

You visited 1 branch of the dungeon, and saw 3 of its levels.

You collected 81 gold pieces.

Inventory:

Hand Weapons
 n - a +0 dagger (weapon)
Armour
 a - a +0 robe (worn)
Jewellery
 p - a +4 ring of slaying {unknown}
 t - an uncursed ring of protection from fire {unknown}
Wands
 s - a wand of flame (18/48)
Scrolls
 g - 3 scrolls of identify {unknown}
 h - a scroll of magic mapping {unknown}
 i - 4 scrolls of remove curse {unknown}
 j - 3 scrolls of fog {unknown}
 l - 2 scrolls of enchant weapon {unknown}
 m - a scroll of recharging {unknown}
 q - a scroll of enchant armour {unknown}
Potions
 e - 4 potions of curing {unknown}
 f - 3 potions of degeneration {unknown}
 k - a potion of might {unknown}
 o - a potion of cancellation {unknown}
 r - a potion of flight {unknown}
Books
 b - a book of Conjurations

   Spells                             Type                      Level
   a - Magic Dart                     Conjuration                  1
   b - Searing Ray                    Conjuration                  2
   c - Dazzling Spray                 Conjuration/Hexes            3
   d - Fulminant Prism                Conjuration/Hexes            4
   e - Force Lance                    Conjuration/Translocation    4
   f - Iskenderun's Mystic Blast      Conjuration                  4
Comestibles
 c - 4 bread rations
 d - 3 royal jellies


   Skills:
 + Level 3.4 Dodging
 + Level 3.3 Stealth
 + Level 4.2 Spellcasting
 + Level 4.5 Conjurations


You had 5 spell levels left.
You knew the following spells:

 Your Spells              Type           Power        Failure   Level  Hunger
a - Magic Dart            Conj           ###.         2%          1    None
b - Searing Ray           Conj           ###...       3%          2    ##.....
c - Iskenderun's Mystic   Conj           ###.....     24%         4    ####...


Dungeon Overview and Level Annotations

Branches:
Dungeon (3/15)

Altars:
Makhleb

Annotations:
D:3 Grinder, Robin


Innate Abilities, Weirdness & Mutations

You are very small and have problems with some larger weapons.
You are too small for most types of armour.
You have supernaturally acute eyesight. (SInv)
You are a herbivore.
You cover ground extremely quickly.
You need consume almost no food.


Message History

Confirm with . or Enter, or press ? or * to list all spells.
Aiming: Magic Dart
Press: ? - help, Shift-Dir - straight line, f/p - orc priest
Aim: an orc priest, wielding a mace and wearing a leather armour (almost dead)
The magic dart hits the orc priest.
The orc priest is almost dead.
The orc priest mumbles some strange prayers to Beogh against you.
Beogh smites you!
* * * LOW HITPOINT WARNING * * *
Casting: Magic Dart
Confirm with . or Enter, or press ? or * to list all spells.
Aiming: Magic Dart
Press: ? - help, Shift-Dir - straight line, f/p - orc priest
Aim: an orc priest, wielding a mace and wearing a leather armour (almost dead)
The magic dart hits the orc priest.
The orc priest is almost dead.
The orc priest invokes the aid of Beogh against you.
Beogh smites you!
Ouch! That really hurt!
You die...

#.##..#........#..# #
#.##..#........#..# #
#)##..#........#.## #
#.##..#........#.# #
##.##..#........#.# ###
#......#........#.## ##..
#..##..#........#..## ##..#
#..#...##)#######...####...#
#.........o@........+.......
#..#...##...........####...#
#..##..#####.......## ##..#
#..###.# ##.....## ##.#
#..###.# ##...## #..
#......# ##'## ###
##.############.## # #.#
#........# # #####.####
#.#####..# #


You could see an orc priest.

Vanquished Creatures
  An orc wizard (D:3)
  8 adders
  A worm (D:3)
  A dart slug (D:1)
  3 leopard geckos
  9 orcs (D:3)
  5 bats
  A giant cockroach (D:1)
  9 goblins
  4 hobgoblins
  12 jackals
  A quokka (D:2)
  3 ball pythons
  3 frilled lizards
  5 kobolds
  8 rats
74 creatures vanquished.

Notes
Turn   | Place    | Note
-------+----------+-------------------------------------------
     0 | D:1      | nikopol the Spriggan Conjurer began the quest for the Orb.
     0 | D:1      | Reached XP level 1. HP: 9/9 MP: 5/5
   286 | D:1      | Reached XP level 2. HP: 13/13 MP: 2/6
   814 | D:1      | Learned a level 2 spell: Searing Ray
   975 | D:2      | Reached XP level 3. HP: 15/16 MP: 2/8
  1471 | D:2      | Reached XP level 4. HP: 15/21 MP: 0/9
  2538 | D:3      | Reached XP level 5. HP: 24/24 MP: 5/11
  2772 | D:3      | Found a burning altar of Makhleb.
  2772 | D:3      | Noticed a balrug
  2800 | D:3      | Noticed Robin
  2871 | D:3      | Learned a level 4 spell: Iskenderun's Mystic Blast
  3043 | D:3      | Noticed Grinder
  3930 | D:3      | Killed from afar by an orc priest

Skill      XL: |  1  2  3  4  5 |
---------------+----------------+-----
Conjurations   | 3 4 |  4.5
Spellcasting   | 3 4 |  4.2
Dodging        | |  3.4
Stealth        | |  3.3

Action                   |  1- 3 |  4- 6 || total
-------------------------+-------+-------++-------
Melee: Dagger            |       |     5 ||     5
 Cast: Magic Dart        |    61 |    96 ||   157
       Searing Ray       |     2 |    11 ||    13
       Iskenderun's Myst |       |     1 ||     1
Armor: Robe              |     1 |     2 ||     3
Dodge: Dodged            |    10 |    29 ||    39
